3L
SEATTLE AVIATORS @ PHILADELPHIA 1776 BC
05/01/2020
 
TOP OF THE 1ST
Seattle Aviators batting - Pitching for Philadelphia 1776 BC : RHP John Buck
Pitching: RHP John Buck
Batting: LHB Phil Parkinson 0-0: Foul Ball, location: 2F
0-1: Ground out 4-3 (Groundball, 4)
Batting: RHB José Lozano 0-0: Called Strike
0-1: Ball
1-1: Ball
2-1: Ground out 4-3 (Groundball, 34)
Batting: SHB Ernest Miller 0-0: Called Strike
0-1: Foul Ball, location: 2F
0-2: Ball
1-2: Strikes out swinging
Top of the 1st over - 0 run(s), 0 hit(s), 0 error(s), 0 left on base; Seattle 0 - Philadelphia 1776 0
BOTTOM OF THE 1ST
Philadelphia 1776 BC batting - Pitching for Seattle Aviators : RHP Nathaniel O'Heyne
Pitching: RHP Nathaniel O'Heyne
Batting: LHB Manuel García 0-0: Foul Ball, location: 2F
0-1: Foul Ball, location: 2F
0-2: Ball
1-2: Strikes out looking
Batting: RHB Joe Smith 0-0: Ball
1-0: Ball
2-0: SINGLE (Line Drive, 6MD)
Batting: LHB Chris Nelson 0-0: Ball
1-0: Ground out U3 (Groundball, 3S)
Joe Smith to second
Batting: RHB Brian O'Brian 0-0: Foul Ball, location: 2F
0-1: Ball
1-1: Ball
2-1: Fly out, F9 (Flyball, 89M)
Bottom of the 1st over - 0 run(s), 1 hit(s), 0 error(s), 1 left on base; Seattle 0 - Philadelphia 1776 0
TOP OF THE 2ND
Seattle Aviators batting - Pitching for Philadelphia 1776 BC : RHP John Buck
Batting: LHB Nathan Santos 0-0: Ball
1-0: Swinging Strike
1-1: Swinging Strike
1-2: Foul Ball, location: 2F
1-2: Ball
2-2: Strikes out looking
Batting: LHB En-lai Gao 0-0: Fly out, F8 (Flyball, 78D)
Batting: LHB Salvador Vidal 0-0: Fly out, F5 (Popup, 5SF)
Top of the 2nd over - 0 run(s), 0 hit(s), 0 error(s), 0 left on base; Seattle 0 - Philadelphia 1776 0
BOTTOM OF THE 2ND
Philadelphia 1776 BC batting - Pitching for Seattle Aviators : RHP Nathaniel O'Heyne
Batting: LHB Sébastien Rolland 0-0: Called Strike
0-1: Ball
1-1: Reached on error, E5 (Groundball, 56S)
Batting: RHB Ryan Simpson 0-0: Ball
Sébastien Rolland steals 2nd base
1-0: Foul Ball, location: 2F
1-1: Ground out 5-3 (Groundball, 5L)
Batting: RHB Lúcio Montoya 0-0: Called Strike
0-1: Foul Ball, location: 2F
0-2: Ball
1-2: Ball
2-2: Fly out, F6 (Line Drive, 6)
Batting: RHB Manny Hernández 0-0: Ball
1-0: Ball
2-0: Called Strike
2-1: Fly out, F7 (Flyball, 7M)
Bottom of the 2nd over - 0 run(s), 0 hit(s), 1 error(s), 1 left on base; Seattle 0 - Philadelphia 1776 0
TOP OF THE 3RD
Seattle Aviators batting - Pitching for Philadelphia 1776 BC : RHP John Buck
Batting: RHB Lawrence Bell 0-0: Foul Ball, location: 2F
0-1: Ball
1-1: Ball
2-1: Ball
3-1: Base on Balls
Batting: RHB Kenzaburo Hori 0-0: Foul Ball, location: 2F
0-1: Ball
1-1: Ball
2-1: Foul Ball, location: 2F
2-2: Ball
3-2: Foul Ball, location: 2F
3-2: Foul Ball, location: 2F
3-2: Foul Ball, location: 2F
3-2: Strikes out looking
Batting: RHB Nathaniel O'Heyne 0-0: Bunt missed!
0-1: Swinging Strike
0-2: Sac Bunt - play at first, batter OUT! 1-4
Lawrence Bell to second
Batting: LHB Phil Parkinson 0-0: Swinging Strike
0-1: Ball
1-1: Swinging Strike
1-2: Strikes out looking
Top of the 3rd over - 0 run(s), 0 hit(s), 0 error(s), 1 left on base; Seattle 0 - Philadelphia 1776 0
BOTTOM OF THE 3RD
Philadelphia 1776 BC batting - Pitching for Seattle Aviators : RHP Nathaniel O'Heyne
Batting: LHB John Buck 0-0: Ball
1-0: Swinging Strike
1-1: Ball
2-1: Ball
3-1: Base on Balls
Batting: LHB Manuel García 0-0: Ball
1-0: Called Strike
1-1: Ball
2-1: Foul Ball, location: 2F
2-2: Ball
3-2: Base on Balls
John Buck to second
Batting: RHB Joe Smith 0-0: Called Strike
0-1: Foul Ball, location: 2F
0-2: Fly out, F8 (Flyball, 8LD)
Runner from 2nd tags up, SAFE at 3rd, no throw
Batting: LHB Chris Nelson 0-0: Ball
1-0: Grounds into double play, 4-6-3 (Groundball, 34)
Bottom of the 3rd over - 0 run(s), 0 hit(s), 0 error(s), 1 left on base; Seattle 0 - Philadelphia 1776 0
TOP OF THE 4TH
Seattle Aviators batting - Pitching for Philadelphia 1776 BC : RHP John Buck
Batting: RHB José Lozano 0-0: Called Strike
0-1: Swinging Strike
0-2: Ball
1-2: Foul Ball, location: 2F
1-2: Fly out, F9 (Popup, 9LS)
Batting: SHB Ernest Miller 0-0: Foul Ball, location: 2F
0-1: SINGLE (Groundball, 34D) (infield hit)
Batting: LHB Nathan Santos 0-0: Foul Ball, location: 2F
0-1: Foul Ball, location: 2F
0-2: Foul Ball, location: 2F
0-2: Ball
1-2: Fly out, F7 (Flyball, 7M)
Batting: LHB En-lai Gao 0-0: Ball
1-0: Called Strike
1-1: Ball
Ernest Miller is caught stealing 2nd base
Top of the 4th over - 0 run(s), 1 hit(s), 0 error(s), 0 left on base; Seattle 0 - Philadelphia 1776 0
BOTTOM OF THE 4TH
Philadelphia 1776 BC batting - Pitching for Seattle Aviators : RHP Nathaniel O'Heyne
Batting: RHB Brian O'Brian 0-0: Foul Ball, location: 2F
0-1: Hit by Pitch
Batting: LHB Sébastien Rolland 0-0: Reached on error, E1 (Groundball, 13)
Brian O'Brian to second
Batting: RHB Ryan Simpson 0-0: Fly out, F2 (Popup, 2LF)
Batting: RHB Lúcio Montoya 0-0: SINGLE (Line Drive, 6M)
Brian O'Brian to third
Sébastien Rolland to second
Runner from 3rd tries for Home, SAFE, throw made home
Sébastien Rolland to third
Lúcio Montoya to second
Batting: RHB Manny Hernández 0-0: Called Strike
0-1: Ball
1-1: Ball
2-1: Foul Ball, location: 2F
2-2: Strikes out looking
Batting: LHB John Buck 0-0: Called Strike
0-1: Ball
1-1: Ball
2-1: SINGLE (Groundball, 34D)
Sébastien Rolland scores
Lúcio Montoya to third
Runner from 3rd tries for Home, SAFE, no throw or cutoff
Batting: LHB Manuel García 0-0: Called Strike
0-1: SINGLE (Line Drive, 56D)
John Buck to second
Batting: RHB Joe Smith 0-0: Fly out, F9 (Flyball, 9M)
Bottom of the 4th over - 3 run(s), 3 hit(s), 1 error(s), 2 left on base; Seattle 0 - Philadelphia 1776 3
TOP OF THE 5TH
Seattle Aviators batting - Pitching for Philadelphia 1776 BC : RHP John Buck
Batting: LHB En-lai Gao 0-0: Ground out 3-1 (Groundball, 34)
Batting: LHB Salvador Vidal 0-0: Called Strike
0-1: Ground out U3 (Groundball, 3L)
Batting: RHB Lawrence Bell 0-0: Called Strike
0-1: Ball
1-1: Swinging Strike
1-2: Strikes out looking
Top of the 5th over - 0 run(s), 0 hit(s), 0 error(s), 0 left on base; Seattle 0 - Philadelphia 1776 3
BOTTOM OF THE 5TH
Philadelphia 1776 BC batting - Pitching for Seattle Aviators : RHP Nathaniel O'Heyne
Batting: LHB Chris Nelson 0-0: Ball
1-0: Hit by Pitch
Batting: RHB Brian O'Brian 0-0: Foul Ball, location: 2F
0-1: Fly out, F6 (Popup, 6MS)
Batting: LHB Sébastien Rolland 0-0: Foul Ball, location: 2F
0-1: DOUBLE (Groundball, 3L)
Chris Nelson to third
Batting: RHB Ryan Simpson 0-0: Ball
1-0: Ball
2-0: Ball
3-0: Called Strike
3-1: Base on Balls
Batting: RHB Lúcio Montoya 0-0: Called Strike
0-1: Swinging Strike
0-2: Fly out, F8 (Flyball, 8LD)
Runner from 3rd tags up, SCORES, no throw
Batting: RHB Manny Hernández 0-0: Swinging Strike
0-1: Ball
1-1: Ball
2-1: Ball
3-1: Ground out 4-3 (Groundball, 4)
Bottom of the 5th over - 1 run(s), 1 hit(s), 0 error(s), 2 left on base; Seattle 0 - Philadelphia 1776 4
TOP OF THE 6TH
Seattle Aviators batting - Pitching for Philadelphia 1776 BC : RHP John Buck
Batting: RHB Kenzaburo Hori 0-0: Called Strike
0-1: Called Strike
0-2: Ball
1-2: Strikes out swinging
Batting: RHB Nathaniel O'Heyne 0-0: Called Strike
0-1: Ball
1-1: Swinging Strike
1-2: Ball
2-2: Strikes out swinging
Batting: LHB Phil Parkinson 0-0: Ball
1-0: Ball
2-0: Swinging Strike
2-1: DOUBLE (Line Drive, 5D)
Batting: RHB José Lozano 0-0: Foul Ball, location: 2F
0-1: Ball
1-1: Foul Ball, location: 2F
1-2: Strikes out swinging
Top of the 6th over - 0 run(s), 1 hit(s), 0 error(s), 1 left on base; Seattle 0 - Philadelphia 1776 4
BOTTOM OF THE 6TH
Philadelphia 1776 BC batting - Pitching for Seattle Aviators : RHP Nathaniel O'Heyne
Batting: LHB John Buck 0-0: Fly out, F9 (Flyball, 89M)
Batting: LHB Manuel García 0-0: Ball
1-0: Ball
2-0: Ground out 4-3 (Groundball, 4)
Batting: RHB Joe Smith 0-0: SINGLE (Groundball, 56D)
Batting: LHB Chris Nelson 0-0: Ground out 3-1 (Groundball, 34)
Bottom of the 6th over - 0 run(s), 1 hit(s), 0 error(s), 1 left on base; Seattle 0 - Philadelphia 1776 4
TOP OF THE 7TH
Seattle Aviators batting - Pitching for Philadelphia 1776 BC : RHP John Buck
Batting: SHB Ernest Miller 0-0: Ball
1-0: Called Strike
1-1: Ball
2-1: Ground out 4-3 (Groundball, 34)
Batting: LHB Nathan Santos 0-0: Called Strike
0-1: Fly out, F8 (Flyball, 8RS)
Batting: LHB En-lai Gao 0-0: Called Strike
0-1: Ground out 4-3 (Groundball, 34)
Top of the 7th over - 0 run(s), 0 hit(s), 0 error(s), 0 left on base; Seattle 0 - Philadelphia 1776 4
BOTTOM OF THE 7TH
Philadelphia 1776 BC batting - Pitching for Seattle Aviators : RHP Nathaniel O'Heyne
Batting: RHB Brian O'Brian 0-0: Called Strike
0-1: Ball
1-1: Ball
2-1: Foul Ball, location: 2F
2-2: SINGLE (Line Drive, 78S)
Batting: LHB Sébastien Rolland 0-0: Called Strike
0-1: Grounds into double play, 4-6-3 (Groundball, 34)
Batting: RHB Ryan Simpson 0-0: Ground out 6-3 (Groundball, 6M)
Bottom of the 7th over - 0 run(s), 1 hit(s), 0 error(s), 0 left on base; Seattle 0 - Philadelphia 1776 4
TOP OF THE 8TH
Seattle Aviators batting - Pitching for Philadelphia 1776 BC : RHP John Buck
Batting: LHB Salvador Vidal 0-0: Foul Ball, location: 2F
0-1: Foul Ball, location: 2F
0-2: Fly out, F5 (Popup, 5SF)
Batting: RHB Lawrence Bell 0-0: Swinging Strike
0-1: Called Strike
0-2: Ball
1-2: Ball
2-2: Strikes out swinging
Batting: RHB Kenzaburo Hori 0-0: Called Strike
0-1: Swinging Strike
0-2: Ball
1-2: Foul Ball, location: 2F
1-2: Ball
2-2: Strikes out looking
Top of the 8th over - 0 run(s), 0 hit(s), 0 error(s), 0 left on base; Seattle 0 - Philadelphia 1776 4
BOTTOM OF THE 8TH
Philadelphia 1776 BC batting - Pitching for Seattle Aviators : RHP Nathaniel O'Heyne
Batting: RHB Lúcio Montoya 0-0: Ball
1-0: Called Strike
1-1: Ball
2-1: Foul Ball, location: 2F
2-2: SINGLE (Flyball, 8LS)
Batting: RHB Manny Hernández 0-0: Bunt missed!
0-1: Bunted foul
0-2: Ball
1-2: Fly out, F9 (Flyball, 9M)
Batting: LHB John Buck 0-0: Ball
1-0: Ball
2-0: Sac Bunt - play at first, batter OUT! 1-4
Lúcio Montoya to second
Batting: LHB Manuel García 0-0: Foul Ball, location: 2F
0-1: Ball
1-1: Called Strike
1-2: Fly out, F5 (Line Drive, 5)
Bottom of the 8th over - 0 run(s), 1 hit(s), 0 error(s), 1 left on base; Seattle 0 - Philadelphia 1776 4
TOP OF THE 9TH
Seattle Aviators batting - Pitching for Philadelphia 1776 BC : RHP John Buck
Pinch Hitting: RHB Tanyu Kimura 0-0: Ball
1-0: Fly out, F7 (Flyball, 7D)
Batting: LHB Phil Parkinson 0-0: Ball
1-0: Ball
2-0: Foul Ball, location: 2F
2-1: Ball
3-1: Fly out, F7 (Flyball, 78D)
Batting: RHB José Lozano 0-0: Ball
1-0: Called Strike
1-1: Ball
2-1: Ball
3-1: Base on Balls
Batting: SHB Ernest Miller 0-0: Ball
1-0: Ball
2-0: Ground out 4-3 (Groundball, 4)
Top of the 9th over - 0 run(s), 0 hit(s), 0 error(s), 1 left on base; Seattle 0 - Philadelphia 1776 4
This league is powered by Out of the Park Baseball, the baseball management simulation game for PC, Mac and Linux
Friday, October 23rd, 2015 - OOTP Baseball 16.9 Build 39